Map: Thunderbird LE

Players

TiPtOP - Winner!

  • Race: Terran Terran
  • League: Silver
  • Spawn Location: 11:00

VOD

Have the link to the VOD?

Description

Time

  • Played on: Aug. 15, 2019, 10:47 p.m.
  • Length: 40:08
Show
View Real Time Build Order
Export as new Build Order

TiPtOP Terran - Winner!

Build Orders:  

Get SALT Encoding   

  12  0:01  SCV  
  13  0:18  SCV  
  14  0:28  Supply Depot  
  14  0:35  SCV  
  15  0:58  SCV  
  16  1:01  Barracks  
  16  1:09  Refinery  
  16  1:17  SCV  
  17  1:34  SCV  
  18  1:59  SCV  
  19  2:06  Command Center  
  19  2:16  Supply Depot  
  19  2:32  Marine  
  19  2:37  Orbital Command  
  20  3:07  Factory  
  20  3:18  SCV  
  20  3:38  SCV  
  21  3:42  Refinery  
  21  3:47  Orbital Command  
  21  4:06  SCV  
  22  4:22  Bunker  
  22  4:26  SCV  
  23  4:42  Marine  
  23  4:43  SCV  
  23  4:46  Factory Tech Lab  
  23  4:48  SCV  
  26  5:04  Supply Depot  
  26  5:07  SCV  
  27  5:14  Siege Tank  
  30  5:24  SCV  
  30  5:29  SCV  
  32  5:38  Supply Depot  
  32  5:41  SCV  
  32  5:49  SCV  
  34  5:58  SCV  
  35  6:02  Factory  
  35  6:03  Engineering Bay  
  35  6:06  SCV, Armory  
  35  6:08  Siege Tank  
  39  6:15  Supply Depot  
  39  6:21  SCV  
  39  6:23  SCV  
  41  6:38  SCV  
  42  6:40  Command Center  
  42  6:45  SCV  
  43  6:54  Factory  
  43  6:55  SCV  
  44  7:02  SCV  
  44  7:08  Refinery  
  44  7:09  Refinery  
  45  7:12  SCV  
  45  7:13  Supply Depot  
  45  7:16  Siege Tank  
  45  7:19  SCV  
  50  7:24  Factory Reactor  
  50  7:47  SCV x2  
  52  7:55  Supply Depot  
  52  8:02  Missile Turret  
  52  8:04  SCV x2  
  54  8:15  Terran Vehicle Weapons Level 1  
  54  8:29  Orbital Command  
  54  8:32  Missile Turret  
  54  8:33  Factory Tech Lab  
  54  8:40  SCV  
  54  8:41  SCV  
  56  8:50  Hellion x2  
  56  8:52  Siege Tank  
  56  8:57  SCV  
  64  9:02  Siege Tank, Orbital Command  
  64  9:35  SCV x2  
  66  9:52  SCV  
  67  10:00  Siege Tank x2  
  67  10:01  Refinery  
  67  10:02  Hellbat x2  
  77  10:33  Supply Depot  
  77  10:34  SCV x3, Supply Depot  
  80  10:51  SCV  
  80  10:55  Hellbat x2  
  80  10:58  Thor  
  80  10:59  Thor  
  97  11:10  Factory  
  97  11:12  Factory  
  97  11:18  SCV  
  97  11:19  Refinery  
  98  11:22  SCV x2  
  100  11:35  SCV  
  100  11:39  SCV x2  
  103  11:47  Hellbat x2  
  107  11:52  SCV  
  107  11:53  Terran Vehicle And Ship Armor Level 1  
  107  11:56  SCV  
  107  11:58  Thor  
  115  12:01  Unknown  
  115  12:07  Supply Depot  
  115  12:11  Supply Depot  
  115  12:14  Supply Depot  
  115  12:17  SCV x2  
  117  12:37  Thor, SCV, Command Center  
  117  12:39  Supply Depot  
  124  12:44  Supply Depot  
  124  12:58  Thor  
  130  13:09  Supply Depot  
  130  13:32  SCV x2  
  130  13:33  SCV  
  133  13:46  Factory Reactor  
  133  13:54  Thor  
  133  13:58  Thor  
  131  14:07  Factory Tech Lab  
  128  14:52  Orbital Command  
  128  14:54  Thor  
  128  14:58  Thor  
  140  15:03  Supply Depot  
  140  15:12  Thor  
  140  15:14  Hellion, Hellbat x3  
  154  15:27  Terran Vehicle Weapons Level 2  
  154  15:33  Supply Depot  
  154  15:44  Hellbat  
  154  15:48  SCV x3  
  159  15:54  Thor  
  159  15:56  Orbital Command  
  159  15:58  Thor  
  159  15:59  Hellion, Hellbat x2  
  177  16:05  SCV x3, Supply Depot  
  180  16:11  Thor  
  180  16:14  Hellbat  
  180  16:18  Armory  
  188  16:36  Supply Depot  
  188  16:54  Thor  
  188  16:56  Refinery  
  188  16:58  Refinery, Thor  
  200  17:16  Command Center  
  200  17:20  Hellion x2  
  200  17:24  Infernal Pre-Igniter  
  194  18:36  SCV  
  191  18:53  SCV  
  191  18:56  Hellbat  
  191  18:57  Hellbat x3  
  198  19:10  SCV  
  175  19:53  Terran Vehicle And Ship Armor Level 2  
  175  19:55  Terran Vehicle Weapons Level 3  
  127  20:12  Hellbat  
  127  20:13  Hellbat x3  
  127  20:14  Thor  
  127  20:15  Thor x2  
  153  20:22  Factory  
  153  20:23  Siege Tank  
  153  20:32  Factory  
  153  20:33  Factory  
  153  20:37  Factory  
  135  20:48  Hellbat x2  
  135  20:49  Hellbat x2  
  143  21:14  Thor  
  143  21:15  Thor x2  
  161  21:30  Factory  
  161  21:31  Factory  
  161  21:36  SCV  
  162  21:49  Factory Tech Lab  
  162  21:51  Factory Reactor  
  162  21:53  SCV, Factory Tech Lab  
  162  21:54  Factory Tech Lab  
  163  22:10  SCV  
  163  22:14  Thor x2  
  176  22:23  Hellbat  
  176  22:24  Hellbat x4  
  176  22:25  Thor x2  
  198  22:39  Factory  
  198  22:46  Refinery  
  198  22:51  Hellbat  
  198  22:52  Refinery  
  199  23:10  Terran Vehicle And Ship Armor Level 3  
  199  24:21  Command Center  
  199  24:29  Factory Tech Lab x2  
  199  24:30  Command Center  
  180  24:58  Factory Tech Lab  
  180  24:59  Hellbat  
  176  25:00  Hellbat x3  
  176  25:01  Thor x2  
  165  25:31  Thor  
  148  25:58  Thor  
  148  25:59  Thor x3  
  170  26:00  Thor, Hellbat  
  170  26:01  Thor, Hellbat x4  
  170  26:02  Hellbat  
  177  26:30  Hellbat  
  177  26:31  Hellbat x3  
  183  26:43  Orbital Command  
  183  26:58  Thor x2  
  195  27:05  Hellbat x2  
  199  27:43  SCV  
  200  27:50  Refinery  
  200  28:26  Refinery  
  190  30:05  Thor  
  196  30:12  Refinery  
  196  30:14  Refinery  
  196  31:03  Planetary Fortress  
  196  31:10  Command Center  
  196  31:12  Refinery  
  196  31:13  Refinery  
  196  31:32  Orbital Command  
  186  33:22  Orbital Command  
  186  33:26  Hellion  
  186  33:27  Hellion, Hellbat x4  
  186  33:28  Unknown  
  198  33:30  Unknown  
  198  33:44  Orbital Command  
  198  34:04  Hellbat  
  198  35:45  Hellion  
  198  35:47  Hellion  
  198  38:05  Starport  
  198  38:07  Starport x2  
  198  38:09  Starport  
  198  38:10  Starport  
  198  38:12  Starport  
  194  39:43  Starport Tech Lab  
  194  39:44  Starport Tech Lab x3  
  194  39:45  Starport Tech Lab x2  
  194  39:58  Fusion Core, Starport Tech Lab  
Tags
 
Add a new tag
Caveats
  • Supply blocks, unpowered buildings, or Contaminate may cause inaccurate times.
  • Supply counts are checked every 10 seconds.